 Dungeon Crawl Stone Soup version 0.23.1-37-gaa34b87b72 (webtiles) character file.

Game seed: 14242793901312913623

3838 GGGomer the Cleaver (level 9, -1/84 HPs)
             Began as a Minotaur Berserker on Mar 22, 2019.
             Was an Elder of Trog.
             Slain by an orc priest
             ... wielding a +0 short sword
              (2 damage)
             ... on level 8 of the Dungeon.
             The game lasted 00:24:21 (7796 turns).

GGGomer the Cleaver (Minotaur Berserker)            Turns: 7796, Time: 00:24:24

Health: -1/84      AC: 22    Str: 28    XL:     9   Next: 98%
Magic:  8/8        EV: 11    Int:  4    God:    Trog [****..]
Gold:   117        SH:  4    Dex:  9    Spells: 8/8 levels left

rFire    . . .     SeeInvis +   y - +3 battleaxe (flame)
rCold    . . .     Gourm    .   (shield currently unavailable)
rNeg     . . .     Faith    .   M - +5 plate armour
rPois    +         Spirit   .   (helmet restricted)
rElec    .         Reflect  +   d - +1 cloak {rPois}
rCorr    .         Harm     .   b - +0 pair of gloves
MR       .....                  (no boots)
Stlth    ..........             B - +4 amulet of reflection
HPRegen  0.24/turn              H - ring of see invisible
MPRegen  0.11/turn              z - +2 ring of strength

@: berserk cooldown, slowed, very slow
A: retaliatory headbutt, horns 2
a: Berserk, Trog's Hand, Brothers in Arms, Renounce Religion


You were on level 8 of the Dungeon.
You worshipped Trog.
Trog was greatly pleased with you.
You were not hungry.

You visited 1 branch of the dungeon, and saw 8 of its levels.
You also visited: Sewer.

You collected 440 gold pieces.
You spent 323 gold pieces at shops.

Inventory:

Hand Weapons
 y - a +3 battleaxe of flaming (weapon)
 L - a +1 war axe of venom
Armour
 b - a +0 pair of gloves (worn)
 d - a +1 cloak of poison resistance (worn)
 M - a +5 plate armour (worn)
Jewellery
 c - an uncursed ring of protection from fire
 z - a +2 ring of strength (right hand)
 B - a +4 amulet of reflection (around neck)
 C - a +3 ring of dexterity
 H - a ring of see invisible (left hand)
 I - an uncursed ring of resist corrosion
Wands
 a - a wand of flame (61)
 D - a wand of paralysis (6)
 K - a wand of random effects (8)
Scrolls
 e - a scroll of amnesia
 g - 7 scrolls of identify
 i - 8 scrolls of teleportation
 q - a scroll of fog
 r - 5 scrolls of blinking
Potions
 f - 3 potions of degeneration
 h - 2 potions of agility
 k - 2 potions of lignification
 m - 3 potions of heal wounds
 n - 2 potions of haste
 s - 6 potions of curing
 t - 3 potions of magic
 x - 2 potions of resistance
 E - 2 potions of flight
Comestibles
 j - 7 rations


   Skills:
 + Level 9.4 Fighting
 + Level 9.4 Axes
 + Level 8.8 Armour
 + Level 8.1 Dodging


You had 8 spell levels left.
You didn't know any spells.
Your spell library was empty.

Dungeon Overview and Level Annotations

Branches:
Dungeon (8/15)             Temple (0/1) D:7            Lair (0/6) D:8

Altars:
Elyvilon
Kikubaaqudgha
Nemelex Xobeh
Uskayaw

Shops:
D:6 (

Annotations:
D:4 3 runed translucent doors, Slothtographer's ghost, novice VSFi


Innate Abilities, Weirdness & Mutations

You reflexively headbutt those who attack you in melee.
You have a pair of horns on your head.


Message History

Trog accepts your kill. You block the orc's attack.
The orc priest calls upon Beogh to heal the orc priest.
The orc priest is healed somewhat.
You slash the orc! You burn the orc.
You kill the orc!
Trog accepts your kill.
An orc comes into view. It is wielding a +0 dagger.
The orc priest barely misses you.
You barely miss the orc priest.
The orc shouts!
The orc priest barely misses you. x2
The orc priest looks braver for a moment.
Your plate armour prevents you from hitting the orc priest.
Your headbutt misses the orc priest.
The orc priest invokes the aid of Beogh against you.
Beogh smites you!
* * * LOW HITPOINT WARNING * * *
The orc priest hits you with a +0 short sword.
You die...

......o #.....##..###.#
....... #.....##.## #.#
.>..o.. #####.....##.####.#
..................##.##...#
....$..######........##.###
....>...#####...........#
>.......o.oo#....#....#####
..?.....###o######.#......##
........# #@# ####.#.###...#
........# #.###....#.# #.#..
.......## #.#...####.# #....
...>..# #...[....#.# #####
###### ##..####...# ##
###..## #...#### #.
#######...## ##.....###.
#...(...### #..###.....
#.......# ####.## #####.


You could see 2 orc priests and an orc.

Vanquished Creatures
  Pikel (D:7)
  A hippogriff (D:8)
  A water moccasin (D:6)
  Duvessa (D:7)
  3 orc warriors
  3 sky beasts
  A slave (D:7)
  The ghost of grimlucis the Cudgeler, an amateur TrWr of Cheibriados (D:3)
  2 necrophages
  2 phantoms
  2 ogres
  A big kobold (Sewer)
  A gnoll sergeant (D:8)
  6 bullfrogs
  Dowan (D:7)
  2 scorpions
  A water moccasin skeleton (D:6)
  5 wights (D:7)
  A howler monkey (D:6)
  4 crimson imps
  A hound (D:8)
  2 orc priests (D:7)
  2 centaur skeletons
  4 orc wizards (D:7)
  2 iguanas
  2 worker ants
  2 worker ant zombies
  7 gnolls
  A howler monkey skeleton (D:5)
  12 adders
  A river rat (D:6)
  A shadow imp (D:8)
  5 oozes
  An adder skeleton (D:4)
  5 worms
  3 dart slugs (D:2)
  6 leopard geckos
  10 orcs
  7 giant cockroaches
  6 goblins
  6 hobgoblins
  8 jackals
  9 kobolds
  A quokka (D:8)
  5 ball pythons
  5 bats
  9 frilled lizards
  14 rats
177 creatures vanquished.

Vanquished Creatures (others)
  A slave (D:7)
1 creature vanquished.

Grand Total: 178 creatures vanquished

Notes
Turn   | Place    | Note
-------+----------+-------------------------------------------
     0 | D:1      | GGGomer the Minotaur Berserker began the quest for the Orb.
     0 | D:1      | Reached XP level 1. HP: 19/19 MP: 0/0
   110 | D:1      | Reached XP level 2. HP: 21/27 MP: 1/1
   559 | D:1      | Reached ** piety under Trog
   912 | D:2      | Reached XP level 3. HP: 33/33 MP: 2/2
  1452 | D:2      | Reached XP level 4. HP: 38/41 MP: 3/3
  1833 | D:2      | Found a sparkling altar of Nemelex Xobeh.
  2001 | D:3      | Found a white marble altar of Elyvilon.
  2459 | D:3      | Found a runed translucent door.
  2459 | D:3      | Noticed grimlucis's ghost (amateur TrWr)
  2846 | D:3      | Killed grimlucis's ghost
  2846 | D:3      | Reached skill level 5 in Fighting
  2846 | D:3      | Reached skill level 5 in Axes
  2846 | D:3      | Reached XP level 5. HP: 48/48 MP: 4/4
  2922 | D:4      | Found a runed translucent gate.
  2956 | D:4      | Found a runed translucent gate.
  2956 | D:4      | Found a runed translucent gate.
  2976 | D:4      | Noticed an ogre
  2977 | D:4      | Noticed Slothtographer's ghost (novice VSFi)
  3437 | D:5      | Entered Level 5 of the Dungeon
  3498 | D:5      | Reached XP level 6. HP: 56/56 MP: 5/5
  3944 | D:5      | Found an ancient bone altar of Kikubaaqudgha.
  4336 | D:6      | Reached XP level 7. HP: 33/62 MP: 6/6
  4337 | D:6      | Found a hide-covered altar of Uskayaw.
  4337 | D:6      | Noticed a +0 dagger
  4337 | D:6      | Noticed a +0 hand axe
  4492 | D:6      | Reached skill level 5 in Armour
  4511 | D:6      | Reached *** piety under Trog
  4549 | D:6      | Reached skill level 5 in Dodging
  4729 | D:6      | Found a glowing drain.
  4762 | Sewer    | Entered a sewer
  4963 | Sewer    | Reached XP level 8. HP: 71/71 MP: 7/7
  5210 | D:6      | Found Yloej's Antique Weapon Shoppe.
  5884 | D:7      | Noticed Duvessa
  5886 | D:7      | Noticed Dowan
  5889 | D:7      | Killed Duvessa
  5891 | D:7      | Killed Dowan
  6180 | D:7      | Reached **** piety under Trog
  6547 | D:7      | Reached XP level 9. HP: 61/81 MP: 8/8
  6567 | D:7      | Noticed Pikel
  6582 | D:7      | Killed Pikel
  6736 | D:7      | Found a staircase to the Ecumenical Temple.
  7303 | D:6      | Bought a glowing battleaxe for 323 gold pieces
  7339 | D:6      | Identified a scroll of acquirement
  7698 | D:8      | Found a staircase to the Lair.
  7796 | D:8      | HP: 1/84 [orc priest/divine providence (15)]
  7796 | D:8      | Slain by an orc priest

Skill      XL: |  1  2  3  4  5  6  7  8  9 |
---------------+----------------------------+-----
Axes           | 4 5 6 8 9 |  9.4
Fighting       | 4 5 6 8 9 |  9.4
Armour         | 3 4 5 7 8 |  8.8
Dodging        | 3 4 5 6 8 |  8.1

Action                   |  1- 3 |  4- 6 |  7- 9 || total
-------------------------+-------+-------+-------++-------
Melee: Hand axe          |    66 |    66 |       ||   132
       Headbutt          |     8 |    16 |    45 ||    69
       War axe           |       |    43 |   235 ||   278
       Battleaxe         |       |       |    48 ||    48
Invok: Berserk           |     1 |     3 |     7 ||    11
  Use: Scroll            |       |       |    23 ||    23
  Eat: Ration            |     1 |     3 |     5 ||     9
       Chunk             |       |     3 |     2 ||     5
Armor: Animal skin       |    15 |     1 |       ||    16
       Ring mail         |       |     7 |       ||     7
       Chain mail        |       |    30 |   121 ||   151
       Plate armour      |       |       |    25 ||    25
Dodge: Dodged            |    68 |    60 |   120 ||   248
Block: Other             |       |     1 |    63 ||    64
       Reflection        |       |       |     2 ||     2
